Workbook
Name \0: #REF!
Name \0: #REF!
Name \00: #REF!
Name \00: #REF!
Name \a: #REF!
Name \a: #REF!
Name \AA: [1]LIQUIDACION!#REF!
Name \AA: [1]LIQUIDACION!#REF!
Name \b: [2]STRSUMM0!#REF!
Name \b: [2]STRSUMM0!#REF!
Name \bb: [2]STRSUMM0!#REF!
Name \bb: [2]STRSUMM0!#REF!
Name \E: #REF!
Name \E: #REF!
Name \EE: #REF!
Name \EE: #REF!
Name \G: #REF!
Name \G: #REF!
Name \k: '[3]7422CW00'!#REF!
Name \k: '[3]7422CW00'!#REF!
Name \l: [4]STRSUMM0!#REF!
Name \l: [4]STRSUMM0!#REF!
Name \M: #REF!
Name \M: #REF!
Name \ñ: '[5]7422CW00'!#REF!
Name \ñ: '[5]7422CW00'!#REF!
Name \P: #REF!
Name \P: #REF!
Name \R: #REF!
Name \R: #REF!
Name \s: #REF!
Name \s: #REF!
Name \V: #REF!
Name \V: #REF!
Name \X: [0]!ERR
Name \Z: [0]!ERR
Name _________AFC1: [6]INV!$A$25:$D$28
Name _________AFC3: [6]INV!$F$25:$I$28
Name _________AFC5: [6]INV!$K$25:$N$28
Name _________BGC1: [6]INV!$A$5:$D$8
Name _________BGC3: [6]INV!$F$5:$I$8
Name _________BGC5: [6]INV!$K$5:$N$8
Name _________CAC1: [6]INV!$A$19:$D$22
Name _________CAC3: [6]INV!$F$19:$I$22
Name _________CAC5: [6]INV!$K$19:$N$22
Name _________PJ50: #REF!
Name _________PJ50: #REF!
Name _________SBC1: [6]INV!$A$12:$D$15
Name _________SBC3: [6]INV!$F$12:$I$15
Name _________SBC5: [6]INV!$K$12:$N$15
Name ________AFC1: [6]INV!$A$25:$D$28
Name ________AFC3: [6]INV!$F$25:$I$28
Name ________AFC5: [6]INV!$K$25:$N$28
Name ________BGC1: [6]INV!$A$5:$D$8
Name ________BGC3: [6]INV!$F$5:$I$8
Name ________BGC5: [6]INV!$K$5:$N$8
Name ________CAC1: [6]INV!$A$19:$D$22
Name ________CAC3: [6]INV!$F$19:$I$22
Name ________CAC5: [6]INV!$K$19:$N$22
Name ________MA2: #REF!

Sheet PROPUESTA ECONOMICA
B3: Formulario 1 - Propuesta económica - Documento tipo de selección abreviada de menor cuantía - versión 2
B4: Código | C4: CCE-EICP-FM-25 | D4: Versión | E4: 2
B6: FORMULARIO 1
B7: PRESUPUESTO OFICIAL
B8: [La entidad puede utilizar este formulario de presentación de propuesta económica de forma detallada, sin perjuicio que la entidad pueda modificarlo o establecer la presentación de la oferta económica con un formulario distinto al indicado.] [Los proponentes emplearán el formulario establecido por la entidad para determinar su propuesta económica conforme al Formulario 1 - Presupuesto Oficial publicado por la Entidad]
B10: Cuando el proceso de contratación es estructurado por precios unitarios, la Entidad debe aplicar las notas 1, 2 y 3 del presente formato y las casillas de "Descripción", "Porcentaje" de la Administración, Imprevisto, Utilidad y total A.I.U. resaltadas en color amarillo.
B11: =+#REF! -> #REF!
C12: ITEM DE PAGO | D12: ESPECIFICACIONES | F12: DESCRIPCION | G12: UND. | H12: CANTIDAD | I12: VALOR UNITARIO | J12: VALOR TOTAL
D13: GENERAL | E13: PARTICULAR
F14: PRELIMINARES
B22: Subtotal | J22: =SUM(J15:J21) -> 0
F23: BASES | I23: 0
B27: Subtotal | I27: 0 | J27: =SUM(J24:J26) -> 0
F28: CAPA RODADURA | I28: 0
B31: Subtotal | I31: 0 | J31: =SUM(J29:J30) -> 0
F32: ANDENES Y SARDINELES | I32: 0
B35: Subtotal | I35: 0 | J35: =SUM(J33:J34) -> 0
F36: CORTES Y SELLOS | I36: 0
B40: Subtotal | I40: 0 | J40: =SUM(J37:J39) -> 0
F41: ACERO | I41: 0
B44: Subtotal | I44: 0 | J44: =SUM(J42:J43) -> 0
F45: Obras de contención | I45: 0
B48: Subtotal | I48: 0 | J48: =SUM(J46:J47) -> 0
F49: VARIOS | I49: 0
B61: Subtotal | J61: =SUM(J50:J60) -> 0
B62: SUBTOTAL OBRAS | J62: =J22+J27+J31+J35+J40+J44+J48+J61 -> 0
F65: SUBTOTAL OBRAS (INCLUYE AIU) | J65: =J62 -> 0
F66: VALOR TOTAL | J66: =J65 -> 0
B68: NOTA 1: Se debe tener en cuenta que el PRECIO UNITARIO incluye el valor de A.I.U. | G68: DESCRIPCION | J68: PORCENTAJE
B69: NOTA 2: Cuando la fracción decimal del peso sea igual o superior a 5 se aproximará por exceso al número entero siguiente del peso y cuando la fracción decimal del peso sea inferior a 5 se aproximará por defecto al número entero del peso. | G69: ADMINISTRACION | I69: A= | J69: [Ofrecimiento del Proponente]
B70: NOTA 3: El A.I.U y su discriminación deben estar en porcentaje (%). | G70: IMPREVISTO | I70: I= | J70: [Ofrecimiento del Proponente]
B71: NOTA 4: Siguiendo las recomendaciones de la Guía de Colombia Compra Eficiente, presentar la oferta | G71: UTILIDAD | I71: U= | J71: [Ofrecimiento del Proponente]
B72: NOTA 5: Revisar el Formulario 1 de Presupuesto con sus decimales y tenerlos en cuenta para la presentación de la propuesta económica. | G72: TOTAL A.I.U | I72: A.I.U.= | J72: [Ofrecimiento del Proponente]
B73: NOTA 6: El item PB-000003 Protocolo de bioseguridad, circular 0000003 del 8 de abril de 2020, solo puede ser cobrado en el valor efectivamente utilizado, por lo cual solo serà pagado el valor soportado mediante facturas correspondientes a la compra de los elementos incluidos en el APU de este item.
F75: Firma del Proponente o de su Representante Legal

Sheet PRESUPUESTO OFICIAL UNITARIO
C3: Formulario 1 - Propuesta económica - Documento tipo de selección abreviada de menor cuantía - versión 2
C4: Código | D4: CCE-EICP-FM-25
C5: FORMULARIO 1
C6: PRESUPUESTO OFICIAL
C7: [La entidad puede utilizar este formulario de detalle del presupuesto oficial para determinar las condiciones bajo las cuales los proponentes analizarán y presentarán su propuesta económica de forma detallada, sin perjuicio que la entidad pueda modificarlo o establecer la presentación de la oferta económica con un formulario distinto al indicado.]
C9: Adicionalmente, cuando el proceso de contratación es estructurado por precios unitarios, la Entidad debe aplicar las notas 1, 2 y 3 del presente formulario y las casillas de "Descripción", "Porcentaje" de la Administración, Imprevisto, Utilidad y total A.I.U. resaltadas en colo amarillo. Tratándose de otras modalidades de precio, la Entidad puede o no configurar los mismos aspectos.
C10: “MANTENIMIENTO Y REHABILITACIÓN DE VÍAS URBANAS, MEDIANTE LA REPARACIÓN Y CONSTRUCCIÓN DE PAVIMENTOS Y PEATONALES EN LA CALLE 21 ENTRE CARRERAS 10 Y 11 SECTOR LIBORIO EN LA CIUDAD DE MANIZALES”
C11: No | D11: ITEM DE PAGO | E11: DESCRIPCION | F11: UND. | G11: CANTIDAD | H11: VALOR UNITARIO | I11: VALOR TOTAL
E13: PRELIMINARES
C14: 1 | D14: =+APU!A7 -> 029.014-1 | E14: =+APU!C7 -> DEMOLICION DE PAVIMENTO CONCRETO HIDRAULICO CON EQUIPO MECANICO INCLUYE RETIRO | F14: =+APU!E7 -> M3 | G14: 208 | H14: =+APU!J7 -> 171141 | I14: =ROUND(H14*G14,0) -> 35597328 | M14: =95*10.9*0.2 -> 207.1
C15: 2 | D15: =+APU!A15 -> 029.015 | E15: =+APU!C15 -> DEMOLICION DE PAVIMENTO CONCRETO HIDRAULICO MANUAL | F15: =+APU!E15 -> M3 | G15: 10 | H15: =+APU!J15 -> 270873 | I15: =ROUND(H15*G15,0) -> 2708730
C16: 3 | D16: =+APU!A22 -> 029.007 | E16: =+APU!C22 -> DEMOLICIÓN DE ANDENES Y SARDINELES EN CONCRETO HIDRÁULICO | F16: =+APU!E22 -> M3 | G16: 20 | H16: =+APU!J22 -> 121961 | I16: =ROUND(H16*G16,0) -> 2439220 | M16: =31.5*4.15*0.1 -> 13.0725
C17: 4 | D17: =+APU!A29 -> 002.016-1 | E17: =+APU!C29 -> EXCAVACIÓN A CIELO ABIERTO - MATERIAL COMÚN - 0.0 A 2.0 M | F17: =+APU!E29 -> M3 | G17: 310 | H17: =+APU!J29 -> 39309 | I17: =ROUND(H17*G17,0) -> 12185790
C18: 5 | D18: =+APU!A34 -> 002.017-1 | E18: =+APU!C34 -> EXCAVACIÓN A CIELO ABIERTO - CONGLOMERADO - 0.0 A 2.0 M | F18: =+APU!E34 -> M3 | G18: 15 | H18: =+APU!J34 -> 57214 | I18: =ROUND(H18*G18,0) -> 858210
C19: 6 | D19: =+APU!A39 -> 001.060 | E19: =+APU!C39 -> SUMINISTRO, TRANSPORTE E INSTALACION TECHADO MOVIBLE EN GUADUA Y PLÁSTICO | F19: =+APU!E39 -> M2 | G19: =10.9*50 -> 545 | H19: =+APU!J39 -> 9430 | I19: =ROUND(H19*G19,0) -> 5139350
I20: =SUM(I14:I19) -> 58928628
E21: BASES
C22: 7 | D22: =+APU!A47 -> 023.008-1 | E22: =+APU!C47 -> SUMINISTRO, TRANSPORTE E INSTALACION AFIRMADO COMPACTADO PARA ANDENES | F22: =+APU!E47 -> M3 | G22: 14 | H22: =+APU!J47 -> 170684 | I22: =ROUND(H22*G22,0) -> 2389576 | L22: =4.15*31.5*0.1 -> 13.0725
C23: 8 | D23: =+APU!A54 -> 023.012-1 | E23: =+APU!C54 -> SUMINISTRO, TRANSPORTE E INSTALACION SUB BASE COMPACTADA CON CILINDRO | F23: =+APU!E54 -> M3 | G23: 325 | H23: =+APU!J54 -> 228893 | I23: =ROUND(H23*G23,0) -> 74390225
C24: Subtotal | I24: =SUM(I22:I23) -> 76779801 | M24: =10.9*99.5*0.3 -> 325.365
E25: CAPA RODADURA
C26: 9 | D26: =+APU!A63 -> 023.006-1 | E26: =+APU!C63 -> SUMINISTRO, TRANSPORTE E INSTALACION PAVIMENTO EN CONCRETO PREMEZCLADO MR 42 (Rutas de alto tráfico) | F26: =+APU!E63 -> M3 | G26: 244 | H26: =+APU!J63 -> 1150272 | I26: =ROUND(H26*G26,0) -> 280666368 | M26: =10.9*99.5*0.225 -> 244.02375
C27: Subtotal | I27: =SUM(I26:I26) -> 280666368
E28: ANDENES Y SARDINELES
C29: 10 | D29: =+APU!A77 -> 021.052 | E29: =+APU!C77 -> SUMINISTRO, TRANSPORTE E INSTALACION ANDEN CONCRETO 3000 PSI E= 0.10M. ACABADO: ESCOBIADO | F29: =+APU!E77 -> M2 | G29: 150 | H29: =+APU!J77 -> 113451 | I29: =ROUND(H29*G29,0) -> 17017650
C30: 11 | D30: =+APU!A87 -> 021.016 | E30: =+APU!C87 -> SUMINISTRO, TRANSPORTE E INSTALACION SARDINEL ANCHO = 20 CM H = ENTRE 17 Y 24 CM EN CONCRETO 3000 PSI | F30: =+APU!E87 -> ML | G30: 144 | H30: =+APU!J87 -> 74750 | I30: =ROUND(H30*G30,0) -> 10764000
C31: Subtotal | I31: =SUM(I29:I30) -> 27781650
E32: CORTES Y SELLOS
C33: 12 | D33: =+APU!A96 -> 023.034 | E33: =+APU!C96 -> CORTE MECANIZADO DE PAVIMENTO 5 mm | F33: =+APU!E96 -> ML | G33: 530 | H33: =+APU!J96 -> 11847 | I33: =ROUND(H33*G33,0) -> 6278910
C34: 13 | D34: =+APU!A102 -> 032.015 | E34: =+APU!C102 -> CORTE MECANIZADO DE ANDEN EN CONCRETO CON DISCO (3,5CM) | F34: =+APU!E102 -> ML | G34: 23 | H34: =+APU!J102 -> 9607 | I34: =ROUND(H34*G34,0) -> 220961
C35: 14 | D35: =+APU!A108 -> 023.036 | E35: =+APU!C108 -> SUMINISTRO, TRANSPORTE E INSTALACION SELLO DE JUNTA DE PAVIMENTO RIGIDO 5mm | F35: =+APU!E108 -> ML | G35: =+G33 -> 530 | H35: =+APU!J108 -> 10812 | I35: =ROUND(H35*G35,0) -> 5730360
C36: Subtotal | I36: =SUM(I33:I35) -> 12230231
E37: ACERO
C38: 15 | D38: =+APU!A115 -> 023.045 | E38: =+APU!C115 -> CANASTILLA DE SOPORTE DE DOVELAS EN HIERRO 3/8" Y 1/4" | F38: =+APU!E115 -> ML | G38: 350 | H38: =+APU!J115 -> 20012 | I38: =ROUND(H38*G38,0) -> 7004200
C39: 16 | D39: =+APU!A120 -> 023.046 | E39: =+APU!C120 -> DOVELAS DE ACERO LISO 60000 PSI PARA PAVIMENTOS | F39: =+APU!E120 -> KG | G39: 2080 | H39: =+APU!J120 -> 18308 | I39: =ROUND(H39*G39,0) -> 38080640
C40: 17 | D40: =+APU!A126 -> 023.045-1 | E40: =+APU!C126 -> ACERO 60.000 PSI (INCLUYE ALAMBRE NEGRO Y FIGURACION) | F40: =+APU!E126 -> KG | G40: 720 | H40: =+APU!J126 -> 10248 | I40: =ROUND(H40*G40,0) -> 7378560
C41: Subtotal | I41: =SUM(I38:I40) -> 52463400
E42: VARIOS
C43: 18 | D43: =+APU!A133 -> 024.112-1 | E43: =+APU!C133 -> SUMINISTRO, TRANSPORTE E INSTALACION SUMIDERO DOBLE REJA TIPO SIFÓN EN CONCRETO CLASE II-TAPA ANTIRUIDO (NO INCLUYE REJA) | F43: =+APU!E133 -> UND | G43: 2 | H43: =+APU!J133 -> 922995 | I43: =ROUND(H43*G43,0) -> 1845990
C44: 19 | D44: =+APU!A143 -> 023.040-1 | E44: =+APU!C143 -> SUMINISTRO, TRANSPORTE E INSTALACIÓN DE ADITIVO PARA ACELERAR FRAGUADO A SIETE (7) DIAS (ACELERANTE) DE UN M3 DE CONCRETO PAVIMENTO MR 42 | F44: =+APU!E143 -> M3 | G44: =+G26 -> 244 | H44: =+APU!J143 -> 138261 | I44: =ROUND(H44*G44,0) -> 33735684
C45: 20 | D45: =+APU!A150 -> 002.055 | E45: =+APU!C150 -> RETIRO DE MATERIAL SOBRANTE EN VOLQUETA, CARGUE MECANICO | F45: =+APU!E150 -> M3 | G45: =+G14+G17+G15+G16+G18 -> 563 | H45: =+APU!J150 -> 40010 | I45: =ROUND(H45*G45,0) -> 22525630
C46: 21 | D46: =+APU!A157 -> 030.002 | E46: =+APU!C157 -> JORNAL AYUDANTE | F46: =+APU!E157 -> DIA | G46: 60 | H46: =+APU!J157 -> 90319 | I46: =ROUND(H46*G46,0) -> 5419140
C47: 22 | D47: =+APU!A160 -> ADI-33.169 | E47: =+APU!C160 -> REGULADOR DE TRANSITO | F47: =+APU!E160 -> DIA | G47: 90 | H47: =+APU!J160 -> 122600 | I47: =ROUND(H47*G47,0) -> 11034000
C48: 23 | D48: =+APU!A163 -> 023.048 | E48: =+APU!C163 -> SUMINISTRO, TRANSPORTE E INSTALACION DEMARCACION PASOS PEATONALES, LINEAS DE PARE, SIMBOLOS, TEXTOS Y OTRAS, CON PINTURA PLASTICO EN FRIO. | F48: =+APU!E163 -> M2 | G48: 20 | H48: =+APU!J163 -> 79452 | I48: =ROUND(H48*G48,0) -> 1589040
C49: Subtotal | I49: =SUM(I43:I48) -> 76149484
C50: SUBTOTAL OBRAS | I50: =I20+I24+I27+I31+I36+I41+I49 -> 584999562
L52: =+I53-L53 -> 100733510
E53: SUBTOTAL PRECIOS UNITARIOS (INCLUYE AIU) | I53: =I50 -> 584999562 | L53: 484266052
E54: VALOR TOTAL DEL PROYECTO | I54: =+I53 -> 584999562
C56: NOTA 1: Se debe tener en cuenta que el PRECIO UNITARIO incluye el valor de A.I.U. | F56: DESCRIPCION | I56: PORCENTAJE
C57: NOTA 2: Cuando la fracción decimal del peso sea igual o superior a 5 se aproximará por exceso al número entero siguiente del peso y cuando la fracción decimal del peso sea inferior a 5 se aproximará por defecto al número entero del peso. | F57: ADMINISTRACION | H57: A= | I57: =+AIU!J45 -> 0.3158
C58: NOTA 3: El A.I.U y su discriminación deben estar en porcentaje (%). | F58: IMPREVISTO | H58: I= | I58: 0
C59: NOTA 4: Siguiendo las recomendaciones de la Guía de Colombia Compra Eficiente, presentar la oferta | F59: UTILIDAD | H59: U= | I59: 0.06
C60: NOTA 5: Revisar el Formulario 1 de Presupuesto con sus decimales y tenerlos en cuenta para la presentación de la propuesta económica. | F60: TOTAL A.I.U | H60: A.I.U.= | I60: =SUM(I57:I59) -> 0.3758

Sheet APU
A1: “MANTENIMIENTO Y REHABILITACIÓN DE VÍAS URBANAS, MEDIANTE LA REPARACIÓN Y CONSTRUCCIÓN DE PAVIMENTOS Y PEATONALES EN LA COMUNA 1 – ATARDECERES Y COMUNA 2 – SAN JOSÉ, EN LA CIUDAD DE MANIZALES, POR EL SISTEMA DE MONTO AGOTABLE”
A3: PRELIMINARES
A5: CODIGO | B5: COD INSUMO | C5: INSUMO | D5: TIPO | E5: UNIDAD | F5: REND | G5: VALOR UNITARIO | H5: VALOR TOTAL | I5: AIU | J5: VALOR TOTAL INCLUIDO AIU
A7: 029.014-1 | B7: - | C7: DEMOLICION DE PAVIMENTO CONCRETO HIDRAULICO CON EQUIPO MECANICO INCLUYE RETIRO | D7: Actividad | E7: M3 | H7: =SUM(H8:H13) -> 124394 | I7: =+AIU!$G$25 -> 1.3758 | J7: =ROUND(H7*I7,0) -> 171141
A8: 029.014-1 | B8: C22 | C8: CUADRILLA AA TIPO 4 (1 OFICIAL + 4 AYUDANTE) (Albañileria) | D8: Cuadrilla | E8: HR | F8: 0.4 | G8: =+VLOOKUP(B8,[111]Insumos!$A$2:$F$2700,5,FALSE) -> 45954 | H8: =+ROUND(F8*G8,0) -> 18382
A9: 029.014-1 | B9: E24 | C9: VOLQUETA 7 M3 (CARGUE A MANO) | D9: Equipos | E9: VJE | F9: 0.25 | G9: =+VLOOKUP(B9,[111]Insumos!$A$2:$F$2700,5,FALSE) -> 141086 | H9: =+ROUND(F9*G9,0) -> 35272
A10: 029.014-1 | B10: E7 | C10: COMPRESOR 2 MARTILLOS (INCLUYE ACPM Y TRANSPORTE) | D10: Equipos | E10: HR | F10: 0.7 | G10: =+VLOOKUP(B10,[111]Insumos!$A$2:$F$2700,5,FALSE) -> 90929 | H10: =+ROUND(F10*G10,0) -> 63650
A11: 029.014-1 | B11: H2 | C11: EQUIPO BASICO (HERRAMIENTA MENOR) | D11: Herramienta | E11: UND | F11: 0.4 | G11: =+VLOOKUP(B11,[111]Insumos!$A$2:$F$2700,5,FALSE) -> 3030 | H11: =+ROUND(F11*G11,0) -> 1212
A12: 029.014-1 | B12: I1565 | C12: ACARREO INTERNO | D12: Insumo | E12: UND | F12: 0.853 | G12: =+VLOOKUP(B12,[111]Insumos!$A$2:$F$2700,5,FALSE) -> 1586 | H12: =+ROUND(F12*G12,0) -> 1353
A13: 029.014-1 | C13: PERMISO ZONA DE DEPOSITO AUTORIZADA | E13: M3 | F13: 1 | G13: 4525 | H13: =+ROUND(F13*G13,0) -> 4525
A15: 029.015 | B15: - | C15: DEMOLICION DE PAVIMENTO CONCRETO HIDRAULICO MANUAL | D15: Actividad | E15: M3 | H15: =SUM(H16:H20) -> 196884 | I15: =+AIU!$G$25 -> 1.3758 | J15: =ROUND(H15*I15,0) -> 270873
A16: 029.015 | B16: C22 | C16: CUADRILLA AA TIPO 4 (1 OFICIAL + 4 AYUDANTE) (Albañileria) | D16: Cuadrilla | E16: HR | F16: 3 | G16: =+VLOOKUP(B16,[111]Insumos!$A$2:$F$2700,5,FALSE) -> 45954 | H16: =+ROUND(F16*G16,0) -> 137862
A17: 029.015 | B17: E24 | C17: VOLQUETA 7M3 (CARGUE A MANO) | D17: Equipos | E17: VJE | F17: 0.25 | G17: =+VLOOKUP(B17,[111]Insumos!$A$2:$F$2700,5,FALSE) -> 141086 | H17: =+ROUND(F17*G17,0) -> 35272
A18: 029.015 | B18: H2 | C18: EQUIPO BASICO (HERRAMIENTA MENOR) | D18: Herramienta | E18: UND | F18: 3 | G18: =+VLOOKUP(B18,[111]Insumos!$A$2:$F$2700,5,FALSE) -> 3030 | H18: =+ROUND(F18*G18,0) -> 9090
A19: 029.015 | B19: I1565 | C19: ACARREO INTERNO | D19: Insumo | E19: UND | F19: 6.39 | G19: =+VLOOKUP(B19,[111]Insumos!$A$2:$F$2700,5,FALSE) -> 1586 | H19: =+ROUND(F19*G19,0) -> 10135
A20: 029.015 | C20: PERMISO ZONA DE DEPOSITO AUTORIZADA | E20: M3 | F20: 1 | G20: 4525 | H20: =+ROUND(F20*G20,0) -> 4525
A22: 029.007 | B22: - | C22: DEMOLICIÓN DE ANDENES Y SARDINELES EN CONCRETO HIDRÁULICO | D22: Actividad | E22: M3 | H22: =SUM(H23:H27) -> 88647 | I22: =+AIU!$G$25 -> 1.3758 | J22: =ROUND(H22*I22,0) -> 121961
A23: 029.007 | B23: C1 | C23: CUADRILLA AA TIPO 1 (1 OFICIAL + 1 AYUDANTE) (Albañileria) | D23: Cuadrilla | E23: HR | F23: 0.78 | G23: =+VLOOKUP(B23,[111]Insumos!$A$2:$F$2700,5,FALSE) -> 21336 | H23: =+ROUND(F23*G23,0) -> 16642
A24: 029.007 | B24: E7 | C24: COMPRESOR 2 MARTILLOS (INCLUYE ACPM Y TRANSPORTE) | D24: Equipos | E24: HR | F24: 0.7 | G24: =+VLOOKUP(B24,[111]Insumos!$A$2:$F$2700,5,FALSE) -> 90929 | H24: =+ROUND(F24*G24,0) -> 63650
A25: 029.007 | B25: H2 | C25: EQUIPO BASICO (HERRAMIENTA MENOR) | D25: Herramienta | E25: UND | F25: 0.78 | G25: =+VLOOKUP(B25,[111]Insumos!$A$2:$F$2700,5,FALSE) -> 3030 | H25: =+ROUND(F25*G25,0) -> 2363
A26: 029.007 | B26: I1565 | C26: ACARREO INTERNO | D26: Insumo | E26: UND | F26: 0.925 | G26: =+VLOOKUP(B26,[111]Insumos!$A$2:$F$2700,5,FALSE) -> 1586 | H26: =+ROUND(F26*G26,0) -> 1467
A27: 029.007 | C27: PERMISO ZONA DE DEPOSITO AUTORIZADA | E27: M3 | F27: 1 | G27: 4525 | H27: =+ROUND(F27*G27,0) -> 4525
A29: 002.016-1 | B29: - | C29: EXCAVACIÓN A CIELO ABIERTO - MATERIAL COMÚN - 0.0 A 2.0 M | D29: Actividad | E29: M3 | H29: =SUM(H30:H32) -> 28572 | I29: =+AIU!$G$25 -> 1.3758 | J29: =ROUND(H29*I29,0) -> 39309
A30: 002.016-1 | B30: C22 | C30: CUADRILLA AA TIPO 4 (1 OFICIAL + 4 AYUDANTE) (Albañileria) | D30: Cuadrilla | E30: HR | F30: 0.54 | G30: =+VLOOKUP(B30,[111]Insumos!$A$2:$F$2700,5,FALSE) -> 45954 | H30: =+ROUND(F30*G30,0) -> 24815
A31: 002.016-1 | B31: I282 | C31: MANEJO DE AGUAS PARA PROTECCION DE LA ZONA DE EXCAVACION(SUELO CEMENTO 10:1) | D31: Insumo | E31: M3 | F31: 0.015 | G31: =+VLOOKUP(B31,[111]Insumos!$A$2:$F$2700,5,FALSE) -> 169651 | H31: =+ROUND(F31*G31,0) -> 2545
A32: 002.016-1 | B32: H2 | C32: EQUIPO BASICO (HERRAMIENTA MENOR) | D32: Herramienta | E32: UND | F32: 0.4 | G32: =+VLOOKUP(B32,[111]Insumos!$A$2:$F$2700,5,FALSE) -> 3030 | H32: =+ROUND(F32*G32,0) -> 1212
A34: 002.017-1 | B34: - | C34: EXCAVACIÓN A CIELO ABIERTO - CONGLOMERADO - 0.0 A 2.0 M | D34: Actividad | E34: M3 | H34: =SUM(H35:H37) -> 41586 | I34: =+AIU!$G$25 -> 1.3758 | J34: =ROUND(H34*I34,0) -> 57214
A35: 002.017-1 | B35: C22 | C35: CUADRILLA AA TIPO 4 (1 OFICIAL + 4 AYUDANTE) (Albañileria) | D35: Cuadrilla | E35: HR | F35: 0.81 | G35: =+VLOOKUP(B35,[111]Insumos!$A$2:$F$2700,5,FALSE) -> 45954 | H35: =+ROUND(F35*G35,0) -> 37223
A36: 002.017-1 | B36: I282 | C36: MANEJO DE AGUAS PARA PROTECCION DE LA ZONA DE EXCAVACION(SUELO CEMENTO 10:1) | D36: Insumo | E36: M3 | F36: 0.015 | G36: =+VLOOKUP(B36,[111]Insumos!$A$2:$F$2700,5,FALSE) -> 169651 | H36: =+ROUND(F36*G36,0) -> 2545
A37: 002.017-1 | B37: H2 | C37: EQUIPO BASICO (HERRAMIENTA MENOR) | D37: Herramienta | E37: UND | F37: 0.6 | G37: =+VLOOKUP(B37,[111]Insumos!$A$2:$F$2700,5,FALSE) -> 3030 | H37: =+ROUND(F37*G37,0) -> 1818
A39: 001.060 | B39: - | C39: SUMINISTRO, TRANSPORTE E INSTALACION TECHADO MOVIBLE EN GUADUA Y PLÁSTICO | D39: Actividad | E39: M2 | H39: =SUM(H40:H45) -> 6854 | I39: =+AIU!$G$25 -> 1.3758 | J39: =ROUND(H39*I39,0) -> 9430
A40: 001.060 | B40: C22 | C40: CUADRILLA AA TIPO 4 (1 OFICIAL + 4 AYUDANTE) (Albañileria) | D40: Cuadrilla | E40: HR | F40: 0.05 | G40: =+VLOOKUP(B40,[111]Insumos!$A$2:$F$2700,5,FALSE) -> 45954 | H40: =+ROUND(F40*G40,0) -> 2298
A41: 001.060 | B41: E12 | C41: EQUIPO DE TRANSPORTE | D41: Equipos | E41: DIA | F41: 0.00052 | G41: =+VLOOKUP(B41,[111]Insumos!$A$2:$F$2700,5,FALSE) -> 156760 | H41: =+ROUND(F41*G41,0) -> 82
A42: 001.060 | B42: H2 | C42: EQUIPO BASICO (HERRAMIENTA MENOR) | D42: Herramienta | E42: UND | F42: 0.15 | G42: =+VLOOKUP(B42,[111]Insumos!$A$2:$F$2700,5,FALSE) -> 3030 | H42: =+ROUND(F42*G42,0) -> 455
A43: 001.060 | B43: I1565 | C43: ACARREO INTERNO | D43: Insumo | E43: UND | F43: 0.159 | G43: =+VLOOKUP(B43,[111]Insumos!$A$2:$F$2700,5,FALSE) -> 1586 | H43: =+ROUND(F43*G43,0) -> 252
A44: 001.060 | B44: I455 | C44: ESTRUCTURA EN GUADUA | D44: Insumo | E44: M2 | F44: 0.25 | G44: =+VLOOKUP(B44,[111]Insumos!$A$2:$F$2700,5,FALSE) -> 2741 | H44: =+ROUND(F44*G44,0) -> 685
A45: 001.060 | B45: I456 | C45: PLÁSTICO TRANSPARENTE CALIBRE 6 | D45: Insumo | E45: M2 | F45: 1 | G45: =+VLOOKUP(B45,[111]Insumos!$A$2:$F$2700,5,FALSE) -> 3082 | H45: =+ROUND(F45*G45,0) -> 3082
A47: 023.008-1 | B47: - | C47: SUMINISTRO, TRANSPORTE E INSTALACION AFIRMADO COMPACTADO PARA ANDENES | D47: Actividad | E47: M3 | H47: =SUM(H48:H52) -> 124062 | I47: =+AIU!$G$25 -> 1.3758 | J47: =ROUND(H47*I47,0) -> 170684
A48: 023.008-1 | B48: C15 | C48: CUADRILLA AA TIPO 3 (1 OFICIAL + 3 AYUDANTE) (Albañileria) | D48: Cuadrilla | E48: HR | F48: 0.4 | G48: =+VLOOKUP(B48,[111]Insumos!$A$2:$F$2700,5,FALSE) -> 37748 | H48: =+ROUND(F48*G48,0) -> 15099
A49: 023.008-1 | B49: E47 | C49: VIBROCOMPACTADOR TIPO RANA | D49: Equipos | E49: DIA | F49: 0.5 | G49: =+VLOOKUP(B49,[111]Insumos!$A$2:$F$2700,5,FALSE) -> 51733 | H49: =+ROUND(F49*G49,0) -> 25867
A50: 023.008-1 | B50: H2 | C50: EQUIPO BASICO (HERRAMIENTA MENOR) | D50: Herramienta | E50: UND | F50: 0.5 | G50: =+VLOOKUP(B50,[111]Insumos!$A$2:$F$2700,5,FALSE) -> 3030 | H50: =+ROUND(F50*G50,0) -> 1515
A51: 023.008-1 | B51: I1565 | C51: ACARREO INTERNO | D51: Insumo | E51: UND | F51: 2.1 | G51: =+VLOOKUP(B51,[111]Insumos!$A$2:$F$2700,5,FALSE) -> 1586 | H51: =+ROUND(F51*G51,0) -> 3331
A52: 023.008-1 | B52: I50 | C52: AFIRMADO NORMA INVIAS | D52: Insumo | E52: M3 | F52: 1.3 | G52: =+VLOOKUP(B52,[111]Insumos!$A$2:$F$2700,5,FALSE) -> 60192 | H52: =+ROUND(F52*G52,0) -> 78250
A54: 023.012-1 | B54: - | C54: SUMINISTRO, TRANSPORTE E INSTALACION SUB BASE COMPACTADA CON CILINDRO | D54: Actividad | E54: M3 | H54: =SUM(H55:H60) -> 166371 | I54: =+AIU!$G$25 -> 1.3758 | J54: =ROUND(H54*I54,0) -> 228893
A55: 023.012-1 | B55: C15 | C55: CUADRILLA AA TIPO 3 (1 OFICIAL + 3 AYUDANTE) (Albañileria) | D55: Cuadrilla | E55: HR | F55: 0.4 | G55: =+VLOOKUP(B55,[111]Insumos!$A$2:$F$2700,5,FALSE) -> 37748 | H55: =+ROUND(F55*G55,0) -> 15099
A56: 023.012-1 | B56: E12 | C56: EQUIPO DE TRANSPORTE | D56: Equipos | E56: DIA | F56: 0.02 | G56: =+VLOOKUP(B56,[111]Insumos!$A$2:$F$2700,5,FALSE) -> 156760 | H56: =+ROUND(F56*G56,0) -> 3135
A57: 023.012-1 | C57: CILINDRO COMPACTADOR 3 TONELADAS | D57: Equipos | E57: HR | F57: 0.15 | G57: 81446 | H57: =+ROUND(F57*G57,0) -> 12217
A58: 023.012-1 | B58: H2 | C58: EQUIPO BASICO (HERRAMIENTA MENOR) | D58: Herramienta | E58: UND | F58: 0.5 | G58: =+VLOOKUP(B58,[111]Insumos!$A$2:$F$2700,5,FALSE) -> 3030 | H58: =+ROUND(F58*G58,0) -> 1515
A59: 023.012-1 | B59: I1565 | C59: ACARREO INTERNO | D59: Insumo | E59: UND | F59: 1 | G59: =+VLOOKUP(B59,[111]Insumos!$A$2:$F$2700,5,FALSE) -> 1586 | H59: =+ROUND(F59*G59,0) -> 1586
A60: 023.012-1 | B60: I43 | C60: SUB BASE GRANULAR SBG-1 NORMA INVIAS | D60: Insumo | E60: M3 | F60: 1.25 | G60: =+VLOOKUP(B60,[111]Insumos!$A$2:$F$2700,5,FALSE) -> 106255 | H60: =+ROUND(F60*G60,0) -> 132819
A63: 023.006-1 | B63: - | C63: SUMINISTRO, TRANSPORTE E INSTALACION PAVIMENTO EN CONCRETO PREMEZCLADO MR 42 (Rutas de alto tráfico) | D63: Actividad | E63: M3 | H63: =SUM(H64:H74) -> 836075 | I63: =+AIU!$G$25 -> 1.3758 | J63: =ROUND(H63*I63,0) -> 1150272
A64: 023,006-1 | B64: C22 | C64: CUADRILLA AA TIPO 4 (1 OFICIAL + 4 AYUDANTE) (Albañileria) | D64: Cuadrilla | E64: HR | F64: 2.4 | G64: 45954 | H64: =+ROUND(F64*G64,0) -> 110290
A65: 023,006-1 | B65: E12 | C65: EQUIPO DE TRANSPORTE | D65: Equipos | E65: DIA | F65: 0.03 | G65: 156760 | H65: =+ROUND(F65*G65,0) -> 4703
A66: 023,006-1 | B66: E16 | C66: REGLA VIBRATORIA | D66: Equipos | E66: DIA | F66: 0.1 | G66: 90929 | H66: =+ROUND(F66*G66,0) -> 9093
A67: 023,006-1 | B67: E21 | C67: VIBRADOR A GASOLINA | D67: Equipos | E67: DIA | F67: 0.1 | G67: 62066 | H67: =+ROUND(F67*G67,0) -> 6207
A68: 023,006-1 | B68: H2 | C68: EQUIPO BASICO (HERRAMIENTA MENOR) | D68: Herramienta | E68: UND | F68: 2.6 | G68: 3030 | H68: =+ROUND(F68*G68,0) -> 7878
A69: 023,006-1 | B69: I1565 | C69: ACARREO INTERNO | D69: Insumo | E69: UND | F69: 7 | G69: 1586 | H69: =+ROUND(F69*G69,0) -> 11102
A70: 023,006-1 | B70: I275 | C70: CONCRETO PREMEZCLADO PARA PAVIMENTO MR 42 KG/CM2 | D70: Insumo | E70: M3 | F70: 1.05 | G70: 626000 | H70: =+ROUND(F70*G70,0) -> 657300
A71: 023,006-1 | B71: I424 | C71: PUNTILLA CON CABEZA 1" | D71: Insumo | E71: LB | F71: 0.2 | G71: 4283 | H71: =+ROUND(F71*G71,0) -> 857
A72: 023,006-1 | B72: I478 | C72: ADITIVO PARA CURAR EL CONCRETO | D72: Insumo | E72: UND | F72: 0.09 | G72: 40623 | H72: =+ROUND(F72*G72,0) -> 3656
A73: 023,006-1 | B73: I990 | C73: TABLA 1"X10"X3M | D73: Insumo | E73: UND | F73: 0.8 | G73: 12672 | H73: =+ROUND(F73*G73,0) -> 10138
A74: 023,006-1 | B74: I991 | C74: CUARTON 2"X4"X3M | D74: Insumo | E74: UND | F74: 1.25 | G74: 11881 | H74: =+ROUND(F74*G74,0) -> 14851
A77: 021.052 | B77: - | C77: SUMINISTRO, TRANSPORTE E INSTALACION ANDEN CONCRETO 3000 PSI E= 0.10M. ACABADO: ESCOBIADO | D77: Actividad | E77: M2 | H77: =SUM(H78:H85) -> 82462 | I77: =+AIU!$G$25 -> 1.3758 | J77: =ROUND(H77*I77,0) -> 113451
A78: 021.052 | B78: AB5 | C78: CONCRETO 3000 psi - 21 Mpa | D78: Analisis | E78: M3 | F78: 0.1 | G78: =+VLOOKUP(B78,[111]Insumos!$A$2:$F$2700,5,FALSE) -> 505796 | H78: =+ROUND(F78*G78,0) -> 50580
A79: 021.052 | B79: C15 | C79: CUADRILLA AA TIPO 3 (1 OFICIAL + 3 AYUDANTE) (Albañileria) | D79: Cuadrilla | E79: HR | F79: 0.5 | G79: =+VLOOKUP(B79,[111]Insumos!$A$2:$F$2700,5,FALSE) -> 37748 | H79: =+ROUND(F79*G79,0) -> 18874
A80: 021.052 | B80: E104 | C80: FORMALETA SARDINEL DESDE 0.20 HASTA 0.60 M. DE ALTURA POR 2.00 M. DE LONGITUD | D80: Equipos | E80: DIA | F80: 1.5 | G80: =+VLOOKUP(B80,[111]Insumos!$A$2:$F$2700,5,FALSE) -> 422 | H80: =+ROUND(F80*G80,0) -> 633
A81: 021.052 | B81: E12 | C81: EQUIPO DE TRANSPORTE | D81: Equipos | E81: DIA | F81: 0.0059 | G81: =+VLOOKUP(B81,[111]Insumos!$A$2:$F$2700,5,FALSE) -> 156760 | H81: =+ROUND(F81*G81,0) -> 925
A82: 021.052 | B82: H2 | C82: EQUIPO BASICO (HERRAMIENTA MENOR) | D82: Herramienta | E82: UND | F82: 0.4 | G82: =+VLOOKUP(B82,[111]Insumos!$A$2:$F$2700,5,FALSE) -> 3030 | H82: =+ROUND(F82*G82,0) -> 1212
A83: 021.052 | B83: I1565 | C83: ACARREO INTERNO | D83: Insumo | E83: UND | F83: 1.8 | G83: =+VLOOKUP(B83,[111]Insumos!$A$2:$F$2700,5,FALSE) -> 1586 | H83: =+ROUND(F83*G83,0) -> 2855
A84: 021.052 | B84: I423 | C84: POLIETILENO NO. 6 | D84: Insumo | E84: M2 | F84: 1 | G84: =+VLOOKUP(B84,[111]Insumos!$A$2:$F$2700,5,FALSE) -> 4283 | H84: =+ROUND(F84*G84,0) -> 4283
A85: 021.052 | B85: I957 | C85: LISTON 2 X 4 | D85: Insumo | E85: M | F85: 0.8 | G85: =+VLOOKUP(B85,[111]Insumos!$A$2:$F$2700,5,FALSE) -> 3875 | H85: =+ROUND(F85*G85,0) -> 3100
A87: 021.016 | B87: - | C87: SUMINISTRO, TRANSPORTE E INSTALACION SARDINEL ANCHO = 20 CM H = ENTRE 17 Y 24 CM EN CONCRETO 3000 PSI | D87: Actividad | E87: ML | H87: =SUM(H88:H94) -> 54332 | I87: =+AIU!$G$25 -> 1.3758 | J87: =ROUND(H87*I87,0) -> 74750
A88: 021.016 | B88: AB5 | C88: CONCRETO 3000 psi - 21 Mpa | D88: Analisis | E88: M3 | F88: 0.033 | G88: =+VLOOKUP(B88,[111]Insumos!$A$2:$F$2700,5,FALSE) -> 505796 | H88: =+ROUND(F88*G88,0) -> 16691
A89: 021.016 | B89: C15 | C89: CUADRILLA AA TIPO 3 (1 OFICIAL + 3 AYUDANTE) (Albañileria) | D89: Cuadrilla | E89: HR | F89: 0.75 | G89: =+VLOOKUP(B89,[111]Insumos!$A$2:$F$2700,5,FALSE) -> 37748 | H89: =+ROUND(F89*G89,0) -> 28311
A90: 021.016 | B90: H2 | C90: EQUIPO BASICO (HERRAMIENTA MENOR) | D90: Herramienta | E90: UND | F90: 1.5 | G90: =+VLOOKUP(B90,[111]Insumos!$A$2:$F$2700,5,FALSE) -> 3030 | H90: =+ROUND(F90*G90,0) -> 4545
A91: 021.016 | B91: I424 | C91: PUNTILLA CON CABEZA 1" | D91: Insumo | E91: LB | F91: 0.1 | G91: =+VLOOKUP(B91,[111]Insumos!$A$2:$F$2700,5,FALSE) -> 4283 | H91: =+ROUND(F91*G91,0) -> 428
A92: 021.016 | B92: I478 | C92: ADITIVO PARA CURAR EL CONCRETO | D92: Insumo | E92: UND | F92: 0.01 | G92: =+VLOOKUP(B92,[111]Insumos!$A$2:$F$2700,5,FALSE) -> 40623 | H92: =+ROUND(F92*G92,0) -> 406
A93: 021.016 | B93: I957 | C93: LISTON 2 X 4 | D93: Insumo | E93: M | F93: 0.3 | G93: =+VLOOKUP(B93,[111]Insumos!$A$2:$F$2700,5,FALSE) -> 3875 | H93: =+ROUND(F93*G93,0) -> 1163
A94: 021.016 | B94: I990 | C94: TABLA 1"X10"X3M | D94: Insumo | E94: UND | F94: 0.22 | G94: =+VLOOKUP(B94,[111]Insumos!$A$2:$F$2700,5,FALSE) -> 12672 | H94: =+ROUND(F94*G94,0) -> 2788
A96: 023.034 | B96: - | C96: CORTE MECANIZADO DE PAVIMENTO 5 mm | D96: Actividad | E96: ML | H96: =SUM(H97:H100) -> 8611 | I96: =+AIU!$G$25 -> 1.3758 | J96: =ROUND(H96*I96,0) -> 11847
A97: 023.034 | B97: C1 | C97: CUADRILLA AA TIPO 1 (1 OFICIAL + 1 AYUDANTE) (Albañileria) | D97: Cuadrilla | E97: HR | F97: 0.27 | G97: =+VLOOKUP(B97,[111]Insumos!$A$2:$F$2700,5,FALSE) -> 21336 | H97: =+ROUND(F97*G97,0) -> 5761
A98: 023.034 | B98: E29 | C98: CORTADORA DE CONCRETO | D98: Equipos | E98: HR | F98: 0.4 | G98: =+VLOOKUP(B98,[111]Insumos!$A$2:$F$2700,5,FALSE) -> 3307 | H98: =+ROUND(F98*G98,0) -> 1323
A99: 023.034 | B99: H2 | C99: EQUIPO BASICO (HERRAMIENTA MENOR) | D99: Herramienta | E99: UND | F99: 0.27 | G99: =+VLOOKUP(B99,[111]Insumos!$A$2:$F$2700,5,FALSE) -> 3030 | H99: =+ROUND(F99*G99,0) -> 818
A100: 023.034 | B100: I1565 | C100: ACARREO INTERNO | D100: Insumo | E100: UND | F100: 0.447 | G100: =+VLOOKUP(B100,[111]Insumos!$A$2:$F$2700,5,FALSE) -> 1586 | H100: =+ROUND(F100*G100,0) -> 709
A102: 032.015 | B102: - | C102: CORTE MECANIZADO DE ANDEN EN CONCRETO CON DISCO (3,5CM) | D102: Actividad | E102: ML | H102: =SUM(H103:H106) -> 6983 | I102: =+AIU!$G$25 -> 1.3758 | J102: =ROUND(H102*I102,0) -> 9607
A103: 032.015 | B103: C1 | C103: CUADRILLA AA TIPO 1 (1 OFICIAL + 1 AYUDANTE) (Albañileria) | D103: Cuadrilla | E103: HR | F103: 0.21 | G103: =+VLOOKUP(B103,[111]Insumos!$A$2:$F$2700,5,FALSE) -> 21336 | H103: =+ROUND(F103*G103,0) -> 4481
A104: 032.015 | B104: E8 | C104: CORTADORA INCLUYE DISCO | D104: Equipos | E104: DIA | F104: 0.02 | G104: =+VLOOKUP(B104,[111]Insumos!$A$2:$F$2700,5,FALSE) -> 57864 | H104: =+ROUND(F104*G104,0) -> 1157
A105: 032.015 | B105: H2 | C105: EQUIPO BASICO (HERRAMIENTA MENOR) | D105: Herramienta | E105: UND | F105: 0.21 | G105: =+VLOOKUP(B105,[111]Insumos!$A$2:$F$2700,5,FALSE) -> 3030 | H105: =+ROUND(F105*G105,0) -> 636
A106: 032.015 | B106: I1565 | C106: ACARREO INTERNO | D106: Insumo | E106: UND | F106: 0.447 | G106: =+VLOOKUP(B106,[111]Insumos!$A$2:$F$2700,5,FALSE) -> 1586 | H106: =+ROUND(F106*G106,0) -> 709
A108: 023.036 | B108: - | C108: SUMINISTRO, TRANSPORTE E INSTALACION SELLO DE JUNTA DE PAVIMENTO RIGIDO 5mm | D108: Actividad | E108: ML | H108: =SUM(H109:H113) -> 7859 | I108: =+AIU!$G$25 -> 1.3758 | J108: =ROUND(H108*I108,0) -> 10812
A109: 023.036 | B109: C1 | C109: CUADRILLA AA TIPO 1 (1 OFICIAL + 1 AYUDANTE) (Albañileria) | D109: Cuadrilla | E109: HR | F109: 0.12 | G109: =+VLOOKUP(B109,[111]Insumos!$A$2:$F$2700,5,FALSE) -> 21336 | H109: =+ROUND(F109*G109,0) -> 2560
A110: 023.036 | B110: E12 | C110: EQUIPO DE TRANSPORTE | D110: Equipos | E110: DIA | F110: 0.0006 | G110: =+VLOOKUP(B110,[111]Insumos!$A$2:$F$2700,5,FALSE) -> 156760 | H110: =+ROUND(F110*G110,0) -> 94
A111: 023.036 | B111: H2 | C111: EQUIPO BASICO (HERRAMIENTA MENOR) | D111: Herramienta | E111: UND | F111: 0.12 | G111: =+VLOOKUP(B111,[111]Insumos!$A$2:$F$2700,5,FALSE) -> 3030 | H111: =+ROUND(F111*G111,0) -> 364
A112: 023.036 | B112: I1565 | C112: ACARREO INTERNO | D112: Insumo | E112: UND | F112: 0.2 | G112: =+VLOOKUP(B112,[111]Insumos!$A$2:$F$2700,5,FALSE) -> 1586 | H112: =+ROUND(F112*G112,0) -> 317
A113: 023.036 | B113: I479 | C113: SELLO ELASTOMERICO | D113: Insumo | E113: M | F113: 0.75 | G113: =+VLOOKUP(B113,[111]Insumos!$A$2:$F$2700,5,FALSE) -> 6032 | H113: =+ROUND(F113*G113,0) -> 4524
A115: 023.045 | B115: - | C115: CANASTILLA DE SOPORTE DE DOVELAS EN HIERRO 3/8" Y 1/4" | D115: Actividad | E115: ML | H115: =SUM(H116:H118) -> 14546 | I115: =+AIU!$G$25 -> 1.3758 | J115: =ROUND(H115*I115,0) -> 20012
A116: 023.045 | B116: C1 | C116: CUADRILLA AA TIPO 1 (1 OFICIAL + 1 AYUDANTE) (Albañileria) | D116: Cuadrilla | E116: HR | F116: 0.3 | G116: =+VLOOKUP(B116,[111]Insumos!$A$2:$F$2700,5,FALSE) -> 21336 | H116: =+ROUND(F116*G116,0) -> 6401
A117: 023.045 | B117: H2 | C117: EQUIPO BASICO (HERRAMIENTA MENOR) | D117: Herramienta | E117: UND | F117: 0.5 | G117: =+VLOOKUP(B117,[111]Insumos!$A$2:$F$2700,5,FALSE) -> 3030 | H117: =+ROUND(F117*G117,0) -> 1515
A118: 023.045 | B118: I2 | C118: ACERO 60.000 PSI | D118: Insumo | E118: KG | F118: 1.3 | G118: 5100 | H118: =+ROUND(F118*G118,0) -> 6630
A120: 023.046 | B120: - | C120: DOVELAS DE ACERO LISO 60000 PSI PARA PAVIMENTOS | D120: Actividad | E120: KG | H120: =+SUM(H121:H124) -> 13307 | I120: =+AIU!$G$25 -> 1.3758 | J120: =ROUND(H120*I120,0) -> 18308
...

Sheet AIU
A1: PROYECTO | B1: BASE A.U OBRA / SECRETARIA DE OBRAS PÚBLICAS
A3: Valor estimado de la Obra (Costo Directo). | C3: Valor | E3: 4.2520715e+08
A4: Plazo estimado de ejecución | C4: Meses | E4: 3
C5: Días | E5: =+E4*30 -> 90
A7: CAPITULO | B7: TIPO DE GASTO | C7: UN | D7: CANTIDAD | E7: DEDICACIÓN (del tiempo de la obra) | F7: VALOR UNITARIO (mes) | G7: Factor Prestacional | H7: VALOR TOTAL | I7: SUMA | J7: PORCENTAJE | M7: 585000000
M8: =+M7/(1+J47) -> 4.2520715e+08 | O8: =+M8-E3 -> 0
A9: 1 | B9: GASTOS GENERALES. | J9: =+J10 -> 0.16090371
A10: 1.1 | B10: MANO DE OBRA Y GASTOS DE OFICINA | I10: =SUM(H11:H21) -> 68417410 | J10: =+I10/$E$3 -> 0.16090371 | K10: =SUM(J11:J22) -> 0.16090371
B11: Director(a) de Obra | C11: Un | D11: 1 | E11: 0.3 | F11: 5800000 | G11: 0.5483 | H11: =+D11*E11*F11*(1+G11)*$E$4 -> 8082126 | J11: =+H11/$E$3 -> 0.019007502
B12: Ingeniero(a) Civil Residente | C12: Un | D12: 1 | E12: 1 | F12: 4060000 | G12: 0.5483 | H12: =+D12*E12*F12*(1+G12)*$E$4 -> 18858294 | J12: =+H12/$E$3 -> 0.044350839
B13: Técnico constructor como Maestro de obra (Inspector de Obra) | C13: Un | D13: 1 | E13: 1 | F13: 2400000 | G13: 0.5483 | H13: =+D13*E13*F13*(1+G13)*$E$4 -> 11147760 | J13: =+H13/$E$3 -> 0.026217245
B14: Profesional en Segruidad y Salud en el Trabajo - HSEQ | C14: Un | D14: 1 | E14: 1 | F14: 2900000 | G14: 0.5483 | H14: =+D14*E14*F14*(1+G14)*$E$4 -> 13470210 | J14: =+H14/$E$3 -> 0.031679171
B15: Trabajador(a) social | C15: Un | D15: 1 | E15: 0.5 | F15: 2900000 | G15: 0.5483 | H15: =+D15*E15*F15*(1+G15)*$E$4 -> 6735105 | J15: =+H15/$E$3 -> 0.015839585
B16: Ingeniero(a) Ambiental | C16: Un | D16: 1 | E16: 0.3 | F16: 2900000 | G16: 0.5483 | H16: =+D16*E16*F16*(1+G16)*$E$4 -> 4041063 | J16: =+H16/$E$3 -> 0.0095037512
B17: Secretaria con prestaciones | C17: Un | D17: 1 | E17: 0.2 | F17: 1160000 | G17: 0.6995 | H17: =+D17*E17*F17*(1+G17)*$E$4 -> 1182852 | J17: =+H17/$E$3 -> 0.0027818253
B19: Oficina y/o campamento (Equipo de Oficina, Escritorio, pc, impresora, sillas, papeleria, consumo servicios publicos etc) | C19: Mes | D19: 1 | E19: 1 | F19: 800000 | H19: =+D19*E19*F19*E4 -> 2400000 | J19: =+H19/$E$3 -> 0.0056443077
B20: Plan Manejo Tránsito | C20: Un | D20: 1 | E20: 1 | F20: 1000000 | H20: =F20 -> 1000000 | J20: =+H20/$E$3 -> 0.0023517949
B21: Ensayos de laboratorio | C21: Gl | D21: 1 | E21: 1 | F21: 500000 | H21: =D21*E21*F21*E4 -> 1500000 | J21: =+H21/$E$3 -> 0.0035276923
J22: =+H22/$E$3 -> 0
A23: 2 | B23: GASTOS INDIRECTOS. | J23: =J24+J27+J33+J37 -> 0.1548463 | K23: =SUM(K27:K44) -> 0.1548463
A24: 2.1 | B24: LEGALIZACION.
B25: Factor de formula circular | G25: =1+M47 -> 1.3758
A27: 2.2 | B27: POLIZAS | I27: =SUM(H28:H31) -> 4854255 | J27: =+I27/$E$3 -> 0.011416212 | K27: =SUM(J28:J31) -> 0.011416212
B28: Cumplimiento del contrato | C28: % | D28: 0.0006 | F28: =+$E$3 -> 4.2520715e+08 | G28: =+$G$25 -> 1.3758 | H28: =+(((F28*G28*D28)/365)*($E$5+120))*1.19 -> 240314.79 | J28: =+H28/$E$3 -> 0.0005651711
B29: Estabilidad de la obra | C29: % | D29: 0.0009 | F29: =+$E$3 -> 4.2520715e+08 | G29: =+$G$25 -> 1.3758 | H29: =+(((F29*G29*D29)/365)*(1825))*1.19 -> 3132675 | J29: =+H29/$E$3 -> 0.007367409
B30: Pago de salarios, prestaciones sociales legales e indemnizaciones laborales | C30: % | D30: 0.0005 | F30: =+$E$3 -> 4.2520715e+08 | G30: =+$G$25 -> 1.3758 | H30: =+(((F30*G30*D30)/365)*($E$5+1095))*1.19 -> 1130051.7 | J30: =+H30/$E$3 -> 0.0026576498
B31: Resposabilidad civil extracontractual | C31: % | D31: 0.0025 | F31: 348000000 | G31: =+$G$25 -> 1.3758 | H31: =+(((F31*G31*D31)/365)*($E$5+0))*1.19 -> 351213.47 | J31: =+H31/$E$3 -> 0.00082598204
A33: 2.3 | B33: VALLAS Y SEÑALIZACIÓN | I33: =SUM(H34:H35) -> 3950000 | J33: =+I33/$E$3 -> 0.0092895897 | K33: =SUM(J34:J35) -> 0.0092895897
B34: Valla (8 metros cuadrados en lona) | C34: Un | D34: 1 | E34: 1 | F34: 750000 | H34: =+D34*F34 -> 750000 | J34: =+H34/$E$3 -> 0.0017638462
B35: Señalización obra (señalizacion vertical, delineadores y cinta) etc | C35: Gb | D35: 1 | F35: 3200000 | H35: =+F35*D35 -> 3200000 | J35: =+H35/$E$3 -> 0.0075257436
A37: 2.4 | B37: IMPUESTOS Y VALORES AGREGADOS | I37: =SUM(H38:H44) -> 57037500 | J37: =+I37/$E$3 -> 0.1341405 | K37: =SUM(J38:J44) -> 0.1341405
B38: Contribución Especial (Seguridad Ciudadana) | C38: % | D38: 0.05 | F38: =+$E$3 -> 4.2520715e+08 | G38: =+$G$25 -> 1.3758 | H38: =+D38*F38*G38 -> 29250000 | J38: =+H38/$E$3 -> 0.06879
B39: Estampillas para el bienestar del adulto mayor | C39: % | D39: 0.02 | F39: =+$E$3 -> 4.2520715e+08 | G39: =+$G$25 -> 1.3758 | H39: =+D39*F39*G39 -> 11700000 | J39: =+H39/$E$3 -> 0.027516
B40: Estampillas Pro - Universidades. | C40: % | D40: 0.01 | F40: =+$E$3 -> 4.2520715e+08 | G40: =+$G$25 -> 1.3758 | H40: =+D40*F40*G40 -> 5850000 | J40: =+H40/$E$3 -> 0.013758
B41: Tasa Pro Deporte y Recreación | C41: % | D41: 0.005 | F41: =+$E$3 -> 4.2520715e+08 | G41: =+$G$25 -> 1.3758 | H41: =+D41*F41*G41 -> 2925000 | J41: =+H41/$E$3 -> 0.006879
B42: Estampilla Pro Cultura | C42: % | D42: 0.005 | F42: =+$E$3 -> 4.2520715e+08 | G42: =+$G$25 -> 1.3758 | H42: =+D42*F42*G42 -> 2925000 | J42: =+H42/$E$3 -> 0.006879
B43: 4/1000 (transacciones financieras) | C43: % | D43: 0.004 | F43: =+$E$3 -> 4.2520715e+08 | G43: =+$G$25 -> 1.3758 | H43: =+D43*F43*G43 -> 2340000 | J43: =+H43/$E$3 -> 0.0055032
B44: Industria y Comercio 3,5 x 1.000 sobre valor total. | C44: % | D44: 0.0035 | F44: =+$E$3 -> 4.2520715e+08 | G44: =+$G$25 -> 1.3758 | H44: =+D44*F44*G44 -> 2047500 | J44: =+H44/$E$3 -> 0.0048153
B45: TOTAL GASTOS INDIRECTOS DE ADMINISTRACION. | I45: =SUM(I10:I44) -> 1.3425916e+08 | J45: =+ROUND((J9+J23),4) -> 0.3158 | K45: =+J23+J9 -> 0.31575002
B46: UTILIDAD: | I46: 0.06 | J46: 0.06 | K46: =J46 -> 0.06
B47: A.U. | J47: =SUM(J45+J46) -> 0.3758 | K47: =SUM(K45:K46) -> 0.37575002 | M47: 0.3758 | O47: =+J47-G25 -> -1
